 Dungeon Crawl Stone Soup version 0.21-a0-498-g1b60429 (webtiles) character file.

36 tidbits the Digger (level 3, -9/25 HPs)
             Began as a Gnoll Earth Elementalist on Nov 24, 2017.
             Blown up by Ijyb (19 damage)
             ... with a wand of disintegration (5)
             ... on level 2 of the Dungeon.
             The game lasted 00:02:59 (322 turns).

tidbits the Digger (Gnoll Earth Elementalist)        Turns: 322, Time: 00:02:59

Health: -9/25      AC:  2    Str: 10    XL:     3   Next: 37%
Magic:  0/9        EV: 14    Int: 18    God:
Gold:   79         SH:  0    Dex: 15    Spells: 6/12 levels left

rFire    . . .     SeeInvis +   a - +0 short sword
rCold    . . .     Gourm    .   (no shield)
rNeg     . . .     Faith    .   c - +0 robe
rPois    .         Spirit   .   (no helmet)
rElec    .         Reflect  .   (no cloak)
rCorr    .         Harm     .   (no gloves)
MR       .....                  (no boots)
Stlth    +++.......             (no amulet)
HPRegen  0.08/turn              g - ring of see invisible
MPRegen  0.11/turn              (no ring)

@: no status effects
A: distributed training, fangs 1, strong nose
a: no special abilities


You were on level 2 of the Dungeon.
You were not hungry.

You visited 1 branch of the dungeon, and saw 2 of its levels.

You collected 79 gold pieces.

Inventory:

Hand Weapons
 a - a +0 short sword (weapon)
 f - a +0 club
Missiles
 b - 4 stones (quivered)
Armour
 c - a +0 robe (worn)
Jewellery
 g - a ring of see invisible (left hand)
   (You found it on level 1 of the Dungeon)
Scrolls
 h - a scroll of immolation {unknown}
 j - a scroll of amnesia {unknown}
Books
 e - a book of Geomancy

   Spells                             Type                      Level
   a - Sandblast                      Earth                        1
   b - Passwall                       Transmutation/Earth          2
   c - Stone Arrow                    Conjuration/Earth            3
   d - Petrify                        Transmutation/Earth          4
   e - Lee's Rapid Deconstruction     Earth                        5
Comestibles
 d - 2 bread rations
 i - a meat ration


   Skills:
 + Level 0.7 Fighting
 + Level 0.7 Short Blades
 + Level 0.7 Long Blades
 + Level 0.7 Axes
 + Level 0.7 Maces & Flails
 + Level 0.7 Polearms
 + Level 0.7 Staves
 + Level 0.7 Slings
 + Level 0.7 Bows
 + Level 0.7 Crossbows
 + Level 0.7 Throwing
 + Level 0.7 Armour
 + Level 4.5 Dodging
 + Level 4.1 Stealth
 + Level 0.7 Shields
 + Level 0.7 Unarmed Combat
 + Level 5.0 Spellcasting
 + Level 0.5 Conjurations
 + Level 0.5 Hexes
 + Level 0.5 Charms
 + Level 0.5 Summonings
 + Level 0.5 Necromancy
 + Level 0.5 Translocations
 + Level 2.1 Transmutations
 + Level 0.5 Fire Magic
 + Level 0.5 Ice Magic
 + Level 0.5 Air Magic
 + Level 5.4 Earth Magic
 + Level 0.5 Poison Magic
 + Level 0.9 Invocations
 + Level 0.7 Evocations


You had 6 spell levels left.
You knew the following spells:

 Your Spells              Type           Power        Failure   Level  Hunger
a - Sandblast             Erth           ###...       1%          1    None
s - Stone Arrow           Conj/Erth      ###...       12%         3    ##.....
w - Passwall              Tmut/Erth      ###.......   4%          2    #......


Dungeon Overview and Level Annotations

Branches:
Dungeon (2/15)

Altars:

Annotations:
D:2 Ijyb


Innate Abilities, Weirdness & Mutations

Your experience applies equally to all skills.
You have very sharp teeth.
Your uncanny sense of smell can sniff out nearby items.


Message History

Press: ? - help, Shift-Dir - straight line, f - orc
Aim: an orc, wearing a scale mail The blast of sand hits the orc.
You kill the orc!
b - 9 stones 2 goblins and a kobold come into view.
The goblin shouts!
A goblin comes into view.
Casting: Sandblast
Confirm with . or Enter, or press ? or * to list all spells.
Aiming: Sandblast
Press: ? - help, Shift-Dir - straight line, f - goblin
Aim: a goblin, wielding a club The blast of sand hits the goblin.
You kill the goblin!
b - 8 stones A jackal and a goblin come into view.
A goblin and Ijyb come into view.
The goblin shouts!
The goblin moves out of view.
Casting: Sandblast
Confirm with . or Enter, or press ? or * to list all spells.
Aiming: Sandblast
Press: ? - help, Shift-Dir - straight line, f - jackal
Aim: a jackal The blast of sand misses the jackal.
b - 7 stones
Casting: Sandblast
Confirm with . or Enter, or press ? or * to list all spells.
Aiming: Sandblast
Press: ? - help, Shift-Dir - straight line, f/p - jackal
Aim: a jackal The blast of sand hits the jackal.
You kill the jackal!
b - 6 stones
Casting: Sandblast
Confirm with . or Enter, or press ? or * to list all spells.
Aiming: Sandblast
Press: ? - help, Shift-Dir - straight line, f - goblin
Aim: a goblin, wielding a club The blast of sand hits the goblin.
You kill the goblin!
b - 5 stones
Things that are here:
a club x2
Casting: Sandblast
Confirm with . or Enter, or press ? or * to list all spells.
Aiming: Sandblast
Press: ? - help, Shift-Dir - straight line, f - goblin
Aim: a goblin, wielding a club (hasn't noticed you)
The blast of sand hits the goblin.
You kill the goblin!
b - 4 stones The goblin shouts! x2; The kobold shouts!
You hear a shout!
The goblin wields a hunting sling.
The goblin shoots a stone.
The stone closely misses you.
The goblin shoots a stone.
The stone closely misses you.
The goblin shoots a stone.
The stone barely misses you.
You see here 3 stones.
b - 7 stones (gained 3)
A rat and a hobgoblin come into view.
Found 5 gold pieces.
Ijyb screams, "Level is mine!
All mine!"
Casting: Sandblast
Confirm with . or Enter, or press ? or * to list all spells.
Aiming: Sandblast
Press: ? - help, Shift-Dir - straight line, f - Ijyb
Aim: Ijyb, wielding a dagger and wearing a leather armour The blast of sand hits Ijyb.
Ijyb is lightly wounded.
b - 6 stones Ijyb drinks a potion.
Ijyb seems to grow stronger.
Casting: Sandblast
Confirm with . or Enter, or press ? or * to list all spells.
Aiming: Sandblast
Press: ? - help, Shift-Dir - straight line, f/p - Ijyb
Aim: Ijyb, wielding a dagger and wearing a leather armour (lightly wounded, unusually strong)
The blast of sand hits Ijyb.
Ijyb is moderately wounded.
b - 5 stones Ijyb zaps a wand.
You are blasted!
Ouch! That really hurt!
* * * LOW HITPOINT WARNING * * *
It is a wand of disintegration (5).
Casting: Sandblast
Confirm with . or Enter, or press ? or * to list all spells.
Aiming: Sandblast
Press: ? - help, Shift-Dir - straight line, f/p - Ijyb
Aim: Ijyb, wielding a dagger, wearing a leather armour and carrying a wand of disintegration (5) (moderately wounded, unusually strong)
The blast of sand hits Ijyb.
Ijyb is almost dead.
b - 4 stones
Casting: Sandblast
Confirm with . or Enter, or press ? or * to list all spells.
You don't have enough magic to cast that spell.
The kobold misses you.
Ijyb zaps a wand.
You are blasted!
Ouch! That really hurt!
You die...

### ...#### #
#.....# #.####..##.#
# .#......#.# ...
.....^.#@###...g. #
#.#....gK.g$.r..#
#..#.#...##.#####.##
#...........#
#.##.#.###### #.#.#
#+# #.##.#.# #...
#.....K## #...K
####.##.## #.K...


You could see Ijyb, a goblin, a kobold and a rat.

Vanquished Creatures
  An adder (D:2)
  A leopard gecko (D:2)
  An orc (D:2)
  5 hobgoblins (D:1)
  5 jackals
  5 goblins
  A kobold (D:1)
  3 rats (D:1)
  A toadstool (D:1)
23 creatures vanquished.

Vanquished Creatures (others)
  3 toadstools (D:1)
3 creatures vanquished.

Grand Total: 26 creatures vanquished

Notes
Turn   | Place    | Note
-------+----------+-------------------------------------------
     0 | D:1      | tidbits the Gnoll Earth Elementalist began the quest for the Orb.
     0 | D:1      | Reached XP level 1. HP: 13/13 MP: 6/6
    22 | D:1      | Reached skill level 2 in Transmutations
    38 | D:1      | Reached XP level 2. HP: 19/19 MP: 1/7
    42 | D:1      | Learned a level 2 spell: Passwall
   253 | D:2      | Reached XP level 3. HP: 25/25 MP: 6/9
   259 | D:2      | Reached skill level 5 in Spellcasting
   268 | D:2      | Learned a level 3 spell: Stone Arrow
   293 | D:2      | Noticed Ijyb
   322 | D:2      | Blown up by Ijyb

Vault maps used:
D:1:      ldierk_water_garden
D:2:      kennysheep_the_goblin_king, bloody_trog, dancing_weapons_uskayaw

Skill      XL: |  1  2  3 |
---------------+----------+-----
Transmutations | 2 |  2.1
Spellcasting   | 5 |  5.0
Fighting       | |  0.7
Short Blades   | |  0.7
Long Blades    | |  0.7
Axes           | |  0.7
Maces & Flails | |  0.7
Polearms       | |  0.7
Staves         | |  0.7
Slings         | |  0.7
Bows           | |  0.7
Crossbows      | |  0.7
Throwing       | |  0.7
Armour         | |  0.7
Dodging        | |  4.5
Stealth        | |  4.1
Shields        | |  0.7
Unarmed Combat | |  0.7
Conjurations   | |  0.5
Hexes          | |  0.5
Charms         | |  0.5
Summonings     | |  0.5
Necromancy     | |  0.5
Translocations | |  0.5
Fire Magic     | |  0.5
Ice Magic      | |  0.5
Air Magic      | |  0.5
Earth Magic    | |  5.4
Poison Magic   | |  0.5
Invocations    | |  0.9
Evocations     | |  0.7

Action                   || total
-------------------------++-------
 Cast: Sandblast         ||    31
Armor: Robe              ||     1
Dodge: Dodged            ||     6

Table legend:
 A = Spawn XP
 B = Non-spawn XP
 C = Spawn XP percentage of total XP
 D = Spawn monster count
 E = Non-spawn monster count
 F = Spawn count percentage of total count
 G = Total turns spent on level
                    A         B        C        D         E        F      G
               +---------+---------+-------+---------+---------+-------+---------
         Total |       0 |      52 |   0.0 |       0 |      22 |   0.0 |   322
               +---------+---------+-------+---------+---------+-------+---------
           D:1 |       0 |      21 |   0.0 |       0 |      13 |   0.0 |   252
           D:2 |       0 |      31 |   0.0 |       0 |       9 |   0.0 |    70
               +---------+---------+-------+---------+---------+-------+---------

Table legend:
 A = Turns spent in this place as a percentage of turns spent in the entire game.
 B = Non-inter-level travel turns spent in this place as a percentage of non-inter-level travel turns spent in the entire game.
 C = Inter-level travel turns spent in this place as a percentage of turns spent in this place.
 D = Turns resting spent in this place as a percentage of non-inter-level travel turns spent in this place.
 E = Turns spent auto-exploring this place as a percentage of non-inter-level travel turns spent in this place.
 F = Non-inter-level travel turns spent in this place divided by the number of levels of this place that you've seen.
                   A       B       C       D       E      F
               +-------+-------+-------+-------+-------+----------------------
         Total | 100.0 | 100.0 |   0.0 |   0.0 |   0.0 | 161.0
       Dungeon | 100.0 | 100.0 |   0.0 |   0.0 |   0.0 | 161.0
               +-------+-------+-------+-------+-------+----------------------

Table legend:
 A = Kills in this place as a percentage of kills in entire the game.
 B = Kills by you in this place as a percentage of kills by you in the entire game.
 C = Kills by friends in this place as a percentage of kills by friends in the entire game.
 D = Other kills in this place as a percentage of other kills in the entire game.
 E = Experience gained in this place as a percentage of experience gained in the entire game.
 F = Experience gained in this place divided by the number of levels of this place that you have seen.
                   A       B       C       D       E      F
               +-------+-------+-------+-------+-------+----------------------
         Total | 100.0 | 100.0 |   N/A |   N/A | 100.0 |  26.0
       Dungeon | 100.0 | 100.0 |   N/A |   N/A | 100.0 |  26.0
               +-------+-------+-------+-------+-------+----------------------

Vault maps used:
D:1:      ldierk_water_garden
D:2:      kennysheep_the_goblin_king, bloody_trog, dancing_weapons_uskayaw
